 Dungeon Crawl Stone Soup version 0.24-a0-439-g6dd8730de2 (webtiles) character file.

Game seed: 88263649319378379

102 Ijustatesigmund the Skirmisher (level 4, -4/49 HPs)
             Began as an Ogre Hunter on June 17, 2019.
             Killed from afar by an orc wizard (8 damage)
             ... with a puff of frost
             ... on level 3 of the Dungeon.
             The game lasted 00:05:09 (2393 turns).

Ijustatesigmund the Skirmisher (Ogre Hunter)        Turns: 2393, Time: 00:05:10

Health: -4/49      AC:  4    Str: 16    XL:     4   Next: 77%
Magic:  4/4        EV: 10    Int: 17    God:
Gold:   82         SH:  0    Dex: 10    Spells: 3/3 levels left

rFire    . . .     SeeInvis .   a - -1 mace (curse)
rCold    . . .     Gourm    .   (no shield)
rNeg     . . .     Faith    .   b - +0 robe
rPois    .         Spirit   .   (helmet restricted)
rElec    .         Reflect  .   e - +0 cloak
rCorr    .         Harm     .   (gloves unavailable)
MR       .....                  (boots unavailable)
Stlth    +.........             (no amulet)
HPRegen  0.16/turn              (no ring)
MPRegen  0.09/turn              (no ring)

@: brilliant, hasted, very quick
A: large, unfitting armour, tough skin 1
a: no special abilities


You were on level 3 of the Dungeon.
You were not hungry.

You visited 1 branch of the dungeon, and saw 3 of its levels.

You collected 82 gold pieces.

Inventory:

Hand Weapons
 a - a cursed -1 mace (weapon)
Missiles
 c - 3 large rocks (quivered)
 d - 2 throwing nets
Armour
 b - a +0 robe (worn)
 e - a +0 cloak (worn)
Scrolls
 h - a scroll of amnesia
Potions
 g - 2 potions of lignification
 i - a potion of magic
 k - a potion of brilliance
Comestibles
 f - 6 rations


   Skills:
 + Level 4.5 Fighting
 * Level 2.8 Maces & Flails
 - Level 4.0 Throwing
 - Level 1.7 Dodging
 - Level 0.6 Stealth


You had 3 spell levels left.
You didn't know any spells.
Your spell library was empty.

Dungeon Overview and Level Annotations

Branches:
Dungeon (3/15)

Altars:
Vehumet


Innate Abilities, Weirdness & Mutations

You are too large for most types of armour.
You have tough skin. (AC +1)


Message History

* * * LOW HITPOINT WARNING * * *
Throwing (i - inventory. (/) - cycle)
c - 5 large rocks (quivered)
Press: ? - help, Shift-Dir - straight line, f - orc wizard
Aim: an orc wizard, wielding a +0 dagger and wearing a +0 robe (lightly wounded)
You throw a large rock.
The large rock barely misses the orc wizard.
The orc hits you from afar with a +0 trident.
* * * LOW HITPOINT WARNING * * *
The orc wizard barely misses you.
Things that are here:
a +0 club; a +0 buckler; an orc corpse Throwing (i - inventory. (/) - cycle)
c - 4 large rocks (quivered)
Press: ? - help, Shift-Dir - straight line, f/p - orc wizard
Aim: an orc wizard, wielding a +0 dagger and wearing a +0 robe (lightly wounded)
You throw a large rock. The large rock hits the orc wizard!
The orc wizard is severely wounded.
The orc misses you. The orc wizard casts a spell at you.
The puff of frost hits you!
You die...

########†# .....# #.# ##
####.# #.# .## # #.# #.#
#.. # #.###.####### ..
####....#......# .# .
......##.#####.###.###...
###...##.####....>.......
###.............@o(#
.........####+####o.#
####....## #.# ##.### o#
#†# # #.# #####.# ......#
#######


You could see an orc wizard and an orc.

Vanquished Creatures
  2 adders (D:2)
  2 worms
  2 dart slugs (D:1)
  4 leopard geckos
  2 orcs (D:3)
  5 giant cockroaches
  6 goblins
  6 hobgoblins
  9 jackals
  4 ball pythons
  7 bats
  3 frilled lizards
  3 kobolds
  9 rats
64 creatures vanquished.

Notes
Turn   | Place    | Note
-------+----------+-------------------------------------------
     0 | D:1      | Ijustatesigmund the Ogre Hunter began the quest for the
                  | Orb.
     0 | D:1      | Reached XP level 1. HP: 22/22 MP: 1/1
   423 | D:1      | Reached XP level 2. HP: 30/31 MP: 2/2
   566 | D:1      | Reached skill level 1 in Maces & Flails
   811 | D:1      | Reached XP level 3. HP: 39/39 MP: 3/3
  1627 | D:2      | Reached XP level 4. HP: 46/48 MP: 4/4
  2165 | D:3      | Found a radiant altar of Vehumet.
  2393 | D:3      | Killed from afar by an orc wizard

Levels and vault maps discovered:
D:1:      minmay_arrival_cross, layout_rooms, grunt_decor_arrowhead
D:2:      layout_loops_ring
D:3:      layout_loops_ring, lemuel_crystal_altar, marbit_many_paths,
          zin_treasury

Skill      XL: |  1  2  3 |
---------------+----------+-----
Fighting       | 3 4 |  4.5
Maces & Flails | 1 2 |  2.8
Throwing       | |  4.0
Dodging        | |  1.7
Stealth        | |  0.6

Action                   |  1- 3 |  4- 6 || total
-------------------------+-------+-------++-------
Melee: Short sword       |    17 |       ||    17
       Whip              |   147 |    26 ||   173
       Mace              |       |    92 ||    92
Throw: Large rock        |     1 |     2 ||     3
  Use: Scroll            |     4 |       ||     4
       Potion            |       |     3 ||     3
 Stab: Sleeping          |     1 |     1 ||     2
  Eat: Chunk             |     2 |     3 ||     5
Armor: Robe              |    55 |    65 ||   120
Dodge: Dodged            |   103 |    71 ||   174

Table legend:
 A = Non-vault XP
 B = Vault XP
 C = Vault XP percentage of total XP
 D = Non-vault monster count
 E = Vault monster count
 F = Vault count percentage of total count
                 A         B        C        D         E       F
            +---------+---------+-------+---------+---------+-------
      Total |     145 |       1 |   0.7 |      63 |       1 |   1.6
            +---------+---------+-------+---------+---------+-------
        D:1 |      44 |       0 |   0.0 |      24 |       0 |   0.0
        D:2 |      69 |       0 |   0.0 |      24 |       0 |   0.0
        D:3 |      32 |       1 |   3.0 |      15 |       1 |   6.2
            +---------+---------+-------+---------+---------+-------
